 Dungeon Crawl Stone Soup version 0.29-a0-297-g7659ce593d (webtiles) character file.

Game seed: 3331621356171031432

135625 Zivar the Unseen (level 16, -11/85 HPs)
             Began as a Spriggan Enchanter on Mar 18, 2022.
             Was the Champion of Dithmenos.
             Mangled by a nagaraja
             ... wielding a +2 whip of freezing
              (25 damage)
             ... on level 3 of the Snake Pit on Mar 20, 2022.
             The game lasted 01:50:30 (34829 turns).

Zivar the Unseen (Spriggan Enchanter)              Turns: 34829, Time: 01:50:31

Health: -11/85     AC:  9    Str: 14    XL:     16   Next: 64%
Magic:  30/37      EV: 33    Int: 22    God:    Dithmenos [******]
Gold:   1620       SH:  5    Dex: 22    Spells: 35/48 levels left

rFire   . . .      SeeInvis +   K - +9 quick blade of Sixoryro {vorpal, rPois}
rCold   . . .      Faith    .   (no shield)
rNeg    . . .      Spirit   .   B - +4 robe of Augmentation {Str+4 Int+4 Dex+4}
rPois   +          Reflect  +   (helmet restricted)
rElec   .          Harm     .   y - +2 cloak
rCorr   .          Rampage  .   (gloves unavailable)
Will    ++...                   (boots unavailable) Stlth *******+++
                                F - amulet of reflection
HPRegen 0.24/turn               T - +4 ring of slaying
MPRegen 0.25/turn               G - +4 ring of evasion

@: mighty, hasted, wreathed by umbra, constricted, very quick
A: very small, no large weapons, unfitting armour, see invisible, speed 3, thin
skeletal structure 1
a: Renounce Religion, Shadow Step, Shadow Form


You were on level 3 of the Snake Pit.
You worshipped Dithmenos.
Dithmenos was exalted by your worship.
You visited 5 branches of the dungeon, and saw 27 of its levels.

You collected 3251 gold pieces.
You spent 1631 gold pieces at shops.

Inventory:

Hand Weapons
 v - a +0 rapier of electrocution
 K - the +9 quick blade of Sixoryro (weapon) {vorpal, rPois}
   (You acquired it on level 14 of the Dungeon)

   It inflicts extra damage upon your enemies.
   rPois:     It protects you from poison.
Missiles
 o - 3 throwing nets (quivered)
 p - 26 poisoned darts
 N - 8 datura-tipped darts
Armour
 m - a +2 robe of cold resistance
 y - a +2 cloak (worn)
 B - the +4 robe of Augmentation (worn) {Str+4 Int+4 Dex+4}
   (You found it on level 8 of the Dungeon)

   Str:       It affects your strength (+4).
   Int:       It affects your intelligence (+4).
   Dex:       It affects your dexterity (+4).
 P - a scarf of invisibility
Jewellery
 b - a ring of fire
 d - a ring of ice
 h - the amulet "Ywkeoff" {RegenMP Harm Regen+ Str-4 Int+3}
   (You found it on level 3 of the Snake Pit)

   [amulet of magic regeneration]

   It increases your rate of magic regeneration.
   Str:       It affects your strength (-4).
   Int:       It affects your intelligence (+3).
   Regen:     It increases your rate of health regeneration.
   Harm:      It increases damage dealt and taken.
 i - a ring of protection from fire
 x - a ring of flight
 E - the ring "Tullyf" {Fly rF- Dex+3 Stlth+}
   (You found it on level 15 of the Dungeon)

   [ring of flight]

   Dex:       It affects your dexterity (+3).
   rF:        It makes you vulnerable to fire.
   Fly:       It grants you flight.
   Stlth:     It makes you more stealthy.
 F - an amulet of reflection (around neck)
 G - a +4 ring of evasion (right hand)
 Q - a +6 ring of intelligence
 T - a +4 ring of slaying (left hand)
 U - a ring of ice
Wands
 j - a wand of polymorph (2)
 k - a wand of charming (6)
 t - a wand of flame (3)
 A - a wand of digging (12)
 H - a wand of acid (4)
Scrolls
 a - 4 scrolls of enchant weapon
 c - a scroll of blinking
 l - 2 scrolls of brand weapon
 q - 3 scrolls of amnesia
 s - 3 scrolls of magic mapping
 z - 5 scrolls of teleportation
 C - a scroll of summoning
 I - 2 scrolls of fog
 L - 5 scrolls of identify
 M - a scroll of enchant armour
 O - 2 scrolls of fear
Potions
 f - 2 potions of berserk rage
 g - 2 potions of curing
 n - 4 potions of flight
 r - 5 potions of brilliance
 u - 5 potions of magic
 D - a potion of heal wounds
 R - a potion of invisibility
 S - a potion of cancellation
Miscellaneous
 J - a phial of floods (inert)


   Skills:
 + Level 10.2 Fighting
 - Level 12.0 Short Blades
 + Level 15.8 Dodging
 + Level 20.3 Stealth
 + Level 16.6 Spellcasting
 + Level 16.7 Hexes


You had 35 spell levels left.
You knew the following spells:

 Your Spells              Type           Power      Damage    Failure   Level
a - Ensorcelled Hibernat  Hex/Ice        100%       N/A       1%          2
b - Tukima's Dance        Hex            75%        N/A       0%          3
c - Dazzling Flash        Conj/Hex       100%       N/A       1%          3
d - Confusing Touch       Hex            75%        N/A       0%          3
e - Blink                 Tloc           36%        N/A       4%          2

Your spell library contained the following spells:

 Spells                   Type           Power      Damage    Failure   Level
 Inner Flame              Hex/Fire       53%        N/A       1%          3
 Portal Projectile        Hex/Tloc       100%       N/A       1%          3
 Anguish                  Hex/Necr       26%        N/A       1%          4
 Leda's Liquefaction      Hex/Erth       26%        N/A       1%          4
 Yara's Violent Unravell  Hex/Tmut       26%        3d11      2%          5
 Foxfire                  Conj/Fire      72%        2x1d7     3%          1
 Shock                    Conj/Air       72%        1d7       3%          1
 Sting                    Tmut/Pois      72%        1d6       3%          1
 Corpse Rot               Necr/Air       36%        N/A       4%          2
 Passwall                 Tmut/Erth      15%        N/A       4%          2
 Scorch                   Fire           36%        2d7       4%          2
 Sublimation of Blood     Necr           18%        N/A       4%          2
 Wereblood                Tmut           18%        N/A       4%          2
 Call Canine Familiar     Summ           18%        N/A       10%         3
 Conjure Flame            Conj/Fire      18%        6-21      10%         3
 Frozen Ramparts          Ice            36%        1d5       10%         3
 Lesser Beckoning         Tloc           18%        N/A       10%         3
 Spider Form              Tmut/Pois      18%        N/A       10%         3
 Swiftness                Air            18%        N/A       10%         3
 Airstrike                Air            9%         N/A       30%         4
 Dispel Undead            Necr           18%        3d11      30%         4
 Flame Wave               Conj/Fire      18%        2d6       30%         4
 Ice Form                 Ice/Tmut       18%        N/A       30%         4
 Passage of Golubria      Tloc           18%        N/A       30%         4
 Summon Ice Beast         Ice/Summ       18%        N/A       30%         4
 Blade Hands              Tmut           9%         N/A       65%         5
 Lee's Rapid Deconstruct  Erth           9%         3d8*      65%         5
 Manifold Assault         Tloc           18%        N/A       65%         5
 Death Channel            Necr           9%         N/A       99%         6
 Dispersal                Tloc           9%         N/A       99%         6
 Statue Form              Tmut/Erth      12%        N/A       99%         6
 Summon Cactus Giant      Summ           9%         N/A       99%         6
 Summon Hydra             Summ           9%         N/A       100%        7
 Disjunction              Tloc           9%         N/A       100%        8


Dungeon Overview and Level Annotations

Branches:
Dungeon (15/15)            Temple (1/1) D:4            Lair (6/6) D:8
 Shoals (0/4) Lair:2        Snake (3/4) Lair:2        Slime (0/5) Lair:5
    Orc (2/2) D:12            Elf (0/3) Orc:2        Vaults (0/5) D:13
 Depths (0/4) D:15

Altars:
Ashenzari
Cheibriados
Dithmenos
Elyvilon
Fedhas
Gozag
Hepliaklqana
Kikubaaqudgha
Makhleb
Nemelex Xobeh
Okawaru
Qazlal
Ru
Sif Muna
Trog
Uskayaw
Vehumet
Wu Jian
Xom
Yredelemnul
Zin
The Shining One
Beogh
Jiyva
Lugonu

Shops:
D:6 ?   D:9 (   Orc:2 :*([   Snake:2 *?(

Portals:
Abyss: Lair:6

Annotations:
Lair:1 3 runed translucent doors, exclusion: 3 oklob plants, hemabe71's ghost, journeyman HuAr
Lair:6 exclusion: oklob plant
Snake:3 1 runed translucent door, Qojoc's ghost, adept GnHu


Innate Abilities, Weirdness & Mutations

You are very small and have problems with some larger weapons.
You are too small for most types of armour.
You have supernaturally acute eyesight. (SInv)
You cover ground extremely quickly. (Speed+++)
You have a somewhat thin skeletal structure. (Dex +2, Stealth+)


Message History

You puncture the nagaraja!
The nagaraja is lightly wounded.
The nagaraja casts a spell at you. The poison arrow misses you.
The nagaraja constricts you.
You hear a shout!
You puncture the nagaraja!
The nagaraja is moderately wounded.
You barely miss the nagaraja.
The nagaraja is moderately wounded.
Your shadow hits the nagaraja but does no damage.
You closely miss the nagaraja.
The nagaraja is moderately wounded.
The nagaraja spits poison at you. The splash of poison misses you.
The nagaraja constricts you.
You emit a cloud of dark smoke.
You puncture the nagaraja!
The nagaraja is heavily wounded.
You puncture the nagaraja!
The nagaraja is heavily wounded.
Your shadow closely misses the nagaraja.
You puncture the nagaraja!
The nagaraja is severely wounded.
Your shadow hits the nagaraja with a quick blade.
The nagaraja hits you with a +2 whip of freezing!!
* * * LOW HITPOINT WARNING * * *
The nagaraja freezes you.
* * * LOW HITPOINT WARNING * * *
The nagaraja constricts you.
* * * LOW HITPOINT WARNING * * *
You feel better.
The nagaraja gestures at you while chanting.
The poison arrow hits you!
You are poisoned.
You partially resist.
* * * LOW HITPOINT WARNING * * *
You emit a cloud of dark smoke.
The nagaraja constricts you.
* * * LOW HITPOINT WARNING * * *
You feel better.
The nagaraja hits you with a +2 whip of freezing!!
You die...

.##.# .### #.........
...# #..####
##..N...... ..###
#>....# .....).....
....####..#.#
..........
..##..#.....#
#..S......
..####......##
......N.. ...#
##......## ##NNN....#
<..#
#.##.....####NNN..#
...#
#.###.....§@N##§≈.NN..
...# #.# ###..§§###
.###... ...#####
###.## .# . ....#.#
#.# .# .#..#.#### ####
.# .#.......####.## .#
.#........##...### .#
............##...#
##..........##..##


You could see a nagaraja (fast, curare, catching breath) and a naga.

Vanquished Creatures
  Saint Roka (Orc:2)
  Rupert (D:15)
  Roxanne (Snake:2)
  Nessos (D:14)
  Azrael (Orc:2)
  Josephine (Orc:2)
  4 vault guards (D:13)
  Fannar (Lair:3)
  An ogre mage (D:15)
  8 naga warriors
  12 hydras
  5 anacondas
  5 centaur warriors
  2 boulder beetles
  Erica (D:10)
  6 two-headed ogres
  2 salamander tyrants
  2 alligators (Lair:6)
  A deep troll earth mage (D:13)
  An orc high priest (Orc:2)
  6 naga sharpshooters
  2 thrashing horrors (Lair:6)
  3 tengu warriors (D:13)
  6 death yaks (Lair:4)
  2 shock serpents (Snake:1)
  A fire crab (Lair:6)
  Amaemon (Lair:3)
  2 salamander mystics
  5 naga ritualists
  4 wizards (D:15)
  A necromancer (D:15)
  A harpy (shapeshifter) (D:13)
  A deep elf pyromancer (D:13)
  3 orc knights (Orc:2)
  8 mana vipers
  4 orc sorcerers
  2 wolf spiders (D:13)
  7 ugly things
  5 cyclopes
  2 manticores (D:13)
  6 salamanders
  A centaur zombie (D:15)
  4 elephants (Lair:6)
  A guardian serpent (Snake:2)
  40 black mambas
  7 naga magi
  An orange demon (Lair:3)
  An unseen horror (D:11)
  14 cane toads
  2 torpor snails (Lair:6)
  A gargoyle (D:13)
  A centaur skeleton (D:15)
  3 rime drakes
  A freezing wraith (D:13)
  13 komodo dragons
  A tengu conjurer (D:13)
  3 ancient zymes (Lair:6)
  A meliai (D:13)
  2 polar bears (Lair:6)
  Grinder (D:3)
  2 trolls
  A polar bear (shapeshifter) (D:14)
  21 blink frogs
  A snapping turtle (Lair:2)
  17 dream sheep (Lair:6)
  A centaur simulacrum (D:15)
  2 shadows (D:11)
  Sigmund (D:3)
  A meliai zombie (D:15)
  A ynoxinul (Lair:6)
  A spriggan (shapeshifter) (Lair:6)
  6 wraiths
  4 large abominations (Lair:6)
  4 wyverns
  9 basilisks
  5 fire elementals (Orc:2)
  A human (shapeshifter) (Lair:6)
  46 yaks
  4 chaos spawn (Lair:6)
  6 vampire mosquitoes
  A steam dragon (D:9)
  25 nagas
  4 wargs
  4 acid dragons
  11 water moccasins
  3 hell hounds (Orc:2)
  A sky beast (D:6)
  31 orc warriors
  3 ice beasts
  A hornet zombie (D:15)
  6 black bears
  12 centaurs
  An ogre (shapeshifter) (D:14)
  5 ogres
  2 phantoms
  8 small abominations (Lair:6)
  8 bullfrogs
  A kobold brigand (D:8)
  2 gnoll sergeants
  A necrophage (D:6)
  6 scorpions
  3 wights (D:8)
  A hornet simulacrum (D:14)
  4 electric eels (D:6)
  4 howler monkeys
  A lava snake (Snake:3)
  Crazy Yiuf (D:6)
  5 hounds
  21 orc priests
  4 jellies
  A gnoll shaman (D:5)
  An iguana (D:6)
  Natasha (thrice) (D:3)
  27 orc wizards
  Robin (D:3)
  15 gnolls
  7 adders
  2 white imps
  3 ufetubi
  2 worms (D:4)
  5 dart slugs
  69 orcs
  8 endoplasms
  2 giant cockroaches
  10 goblins
  15 hobgoblins
  19 kobolds
  5 quokkas
  9 ball pythons
  6 bats
  3 frilled lizards
  9 rats
  A butterfly (Lair:1)
764 creatures vanquished.

Vanquished Creatures (collateral kills)
  A salamander (Snake:3)
  7 nagas
  2 orc warriors
  A wight (D:8)
  An orc priest (D:10)
  5 orc wizards
  4 gnolls
  9 orcs
30 creatures vanquished.

Vanquished Creatures (others)
  26 dancing weapons
  2 orcs
  8 bushes (Lair:6)
  48 fungi
  45 plants
129 creatures vanquished.

Grand Total: 923 creatures vanquished

Notes
Turn   | Place    | Note
-------+----------+-------------------------------------------
     0 | D:1      | Zivar the Spriggan Enchanter began the quest for the Orb.
     0 | D:1      | Reached XP level 1. HP: 9/9 MP: 5/5
   187 | D:2      | Reached XP level 2. HP: 9/13 MP: 7/7
   207 | D:1      | Learned a level 2 spell: Ensorcelled Hibernation
   725 | D:1      | Found a faded altar of an unknown god.
   769 | D:1      | Reached XP level 3. HP: 16/16 MP: 9/9
   773 | D:1      | Learned a level 3 spell: Tukima's Dance
   777 | D:1      | Learned a level 3 spell: Confusing Touch
  1552 | D:2      | Reached XP level 4. HP: 21/21 MP: 3/11
  1715 | D:2      | Reached skill level 5 in Hexes
  1877 | D:3      | Noticed Grinder
  2088 | D:3      | Reached skill level 5 in Spellcasting
  2088 | D:3      | Reached XP level 5. HP: 16/24 MP: 1/13
  2214 | D:3      | Noticed Robin
  2260 | D:3      | Killed Robin
  2389 | D:3      | Identified the +7 rapier "Liemn" {antimagic, Contam rPois
                  | Will++ Stlth+}
  2725 | D:3      | Noticed Natasha
  2731 | D:3      | Killed Natasha
  2732 | D:3      | Reached skill level 5 in Stealth
  2884 | D:3      | Noticed Sigmund
  2896 | D:3      | Killed Sigmund
  2897 | D:3      | Reached XP level 6. HP: 17/28 MP: 15/15
  2915 | D:3      | Noticed Natasha
  2928 | D:3      | Killed Natasha
  2929 | D:3      | Reached skill level 6 in Stealth
  3252 | D:3      | Killed Grinder
  3253 | D:3      | Reached XP level 7. HP: 17/32 MP: 17/17
  3565 | D:3      | Reached skill level 7 in Stealth
  3921 | D:3      | Noticed Natasha
  3927 | D:3      | Killed Natasha
  3973 | D:4      | Found a staircase to the Ecumenical Temple.
  3988 | Temple   | Entered the Ecumenical Temple
  4276 | D:4      | Reached skill level 8 in Stealth
  4560 | D:4      | Reached XP level 8. HP: 36/36 MP: 20/20
  4842 | D:4      | Found a snail-covered altar of Cheibriados.
  5018 | D:5      | Entered Level 5 of the Dungeon
  5318 | D:5      | Reached skill level 9 in Stealth
  5835 | D:6      | Found Josas's Magic Scroll Boutique.
  5852 | D:6      | Bought a scroll of magic mapping for 38 gold pieces
  5852 | D:6      | Bought a scroll of teleportation for 33 gold pieces
  5852 | D:6      | Bought a scroll of identify for 22 gold pieces
  5852 | D:6      | Bought a scroll of identify for 22 gold pieces
  5855 | D:6      | Bought a scroll of enchant weapon for 82 gold pieces
  5855 | D:6      | Bought a scroll of enchant weapon for 82 gold pieces
  5924 | D:6      | Reached skill level 10 in Stealth
  7009 | D:6      | Reached XP level 9. HP: 39/39 MP: 22/22
  7759 | D:6      | Found a runed translucent door.
  7760 | D:6      | Noticed Crazy Yiuf
  7769 | D:6      | Killed Crazy Yiuf
  7855 | D:6      | Found a blossoming altar of Fedhas.
  7855 | D:6      | Found a shadowy altar of Dithmenos.
  7861 | D:6      | Became a worshipper of Dithmenos the Shadowed
  8793 | D:7      | Reached skill level 1 in Fighting
  9138 | D:8      | Reached skill level 11 in Stealth
  9177 | D:8      | Found the +4 robe of Augmentation {Str+4 Int+4 Dex+4}
  9383 | D:8      | Reached skill level 10 in Hexes
  9388 | D:8      | Reached * piety under Dithmenos
  9430 | D:8      | Reached skill level 5 in Dodging
  9813 | D:8      | Reached XP level 10. HP: 47/47 MP: 24/24
  9995 | D:8      | Found a staircase to the Lair.
 10272 | D:9      | Found Jitino's Antique Weapon Boutique.
 10358 | D:9      | Reached skill level 10 in Spellcasting
 10634 | D:9      | Reached skill level 12 in Stealth
 11071 | D:9      | Found a glowing silver altar of Zin.
 11071 | D:9      | Noticed an angel
 11170 | D:10     | Entered Level 10 of the Dungeon
 11192 | D:10     | Noticed Erica
 11199 | D:10     | Killed Erica
 11214 | D:10     | Found an ornate altar of the Wu Jian Council.
 11214 | D:10     | Found a hide-covered altar of Uskayaw.
 11232 | D:10     | Found a bloodstained altar of Trog.
 11232 | D:10     | Found an iron altar of Okawaru.
 11344 | D:10     | Found a stormy altar of Qazlal.
 11952 | D:11     | Noticed a seven-headed hydra
 11969 | D:11     | Killed a seven-headed hydra
 11970 | D:11     | Reached skill level 5 in Short Blades
 12120 | D:11     | Noticed a five-headed hydra
 12125 | D:11     | Noticed a two-headed ogre
 12196 | D:11     | Killed a five-headed hydra
 12387 | D:11     | Killed a two-headed ogre
 12388 | D:11     | Reached XP level 11. HP: 53/53 MP: 26/26
 12394 | D:11     | Identified the +3 pair of boots of Xuloangi {Dex+2}
 12633 | D:11     | Reached skill level 13 in Stealth
 12855 | D:11     | Reached ** piety under Dithmenos
 12986 | D:11     | Identified a scroll of acquirement
 12986 | D:11     | Acquired 803 gold pieces
 13278 | D:12     | Noticed a boulder beetle
 13292 | D:12     | Killed a boulder beetle
 13723 | D:12     | Reached *** piety under Dithmenos
 13744 | D:12     | Found a staircase to the Orcish Mines.
 14069 | D:13     | Noticed a tengu warrior
 14071 | D:13     | Noticed a tengu warrior
 14077 | D:13     | Killed a tengu warrior
 14079 | D:13     | Killed a tengu warrior
 14080 | D:13     | Upgraded the game from 0.29-a0-294-g83ea962da3 to
                  | 0.29-a0-296-gda187f2e07
 14132 | D:13     | Learned a level 3 spell: Dazzling Flash
 14181 | D:13     | Noticed a harpy
 14185 | D:13     | Killed a harpy
 14319 | D:13     | Found a gate to the Vaults.
 14319 | D:13     | Noticed a vault guard
 14319 | D:13     | Noticed a green ugly thing
 14319 | D:13     | Noticed a vault guard
 14319 | D:13     | Noticed a vault guard
 14319 | D:13     | Noticed a centaur warrior
 14319 | D:13     | Noticed a vault guard
 14323 | D:13     | Killed a vault guard
 14323 | D:13     | Killed a centaur warrior
 14323 | D:13     | Killed a green ugly thing
 14324 | D:13     | Reached skill level 5 in Fighting
 14324 | D:13     | Reached skill level 14 in Stealth
 14324 | D:13     | Killed a vault guard
 14324 | D:13     | Killed a vault guard
 14324 | D:13     | Killed a vault guard
 14325 | D:13     | Reached XP level 12. HP: 60/60 MP: 27/29
 14455 | D:13     | Noticed a seven-headed hydra
 14462 | D:13     | Killed a seven-headed hydra
 14538 | D:13     | Noticed a deep troll earth mage
 14548 | D:13     | Killed a deep troll earth mage
 14556 | D:13     | Reached **** piety under Dithmenos
 14659 | D:13     | Identified the +2 pair of gloves of the Hills {rPois rF+}
 14665 | D:13     | Identified the +3 war axe of Ykoemi {drain, Fly rN++ Dex-3
                  | SInv}
 14717 | D:13     | Noticed a tengu warrior
 14739 | D:13     | Killed a tengu warrior
 14740 | D:13     | Reached skill level 15 in Stealth
 14972 | D:13     | Noticed a two-headed ogre
 14979 | D:13     | Killed a two-headed ogre
 14980 | D:13     | Reached skill level 10 in Dodging
 15399 | D:14     | Acquired the +9 quick blade of Sixoryro {vorpal, rPois}
 15492 | D:14     | Noticed Nessos
 15497 | D:14     | Killed Nessos
 15519 | D:14     | Noticed a centaur warrior
 15528 | D:14     | Killed a centaur warrior
 15565 | D:14     | Noticed a centaur warrior
 15574 | D:14     | Killed a centaur warrior
 15738 | D:14     | Reached XP level 13. HP: 65/65 MP: 9/30
 16501 | Lair:1   | Entered Level 1 of the Lair of Beasts
 16515 | Lair:1   | Noticed a minotaur
 16672 | Lair:1   | Noticed hemabe71's ghost (journeyman HuAr)
 16884 | Lair:1   | Found a runed translucent gate.
 16884 | Lair:1   | Found a runed translucent gate.
 16884 | Lair:1   | Found a runed translucent gate.
 17559 | Lair:2   | Reached skill level 16 in Stealth
 18594 | Lair:2   | Found a staircase to the Shoals.
 18787 | Lair:2   | Found a staircase to the Snake Pit.
 18974 | Lair:3   | Gained mutation: Your body sometimes deteriorates upon
                  | taking damage. [potion of mutation]
 18974 | Lair:3   | Gained mutation: You sometimes lose the ability to read
                  | scrolls when taking damage. [potion of mutation]
 18974 | Lair:3   | Gained mutation: Your flesh is heat resistant. (rF+)
                  | [potion of mutation]
 18975 | Lair:3   | Lost mutation: Your flesh is heat resistant. (rF+) [potion
                  | of mutation]
 18975 | Lair:3   | Lost mutation: You sometimes lose the ability to read
                  | scrolls when taking damage. [potion of mutation]
 18975 | Lair:3   | Lost mutation: Your body sometimes deteriorates upon taking
                  | damage. [potion of mutation]
 18975 | Lair:3   | Gained mutation: You are dopey. (Int -2) [potion of
                  | mutation]
 18995 | Lair:3   | Reached ***** piety under Dithmenos
 19053 | Lair:3   | Learned a level 2 spell: Blink
 19060 | Lair:3   | Noticed Fannar
 19259 | Lair:3   | Killed Fannar
 19499 | Lair:3   | Noticed Amaemon
 19503 | Lair:3   | Killed Amaemon
 20401 | Lair:4   | Reached XP level 14. HP: 72/72 MP: 6/32
 20448 | Lair:4   | Reached skill level 10 in Short Blades
 20710 | Lair:4   | You fall into a shaft and drop 1 floor!
 21016 | Lair:5   | Found a staircase to the Slime Pits.
 21016 | Lair:5   | Found a viscous altar of Jiyva.
 21026 | Lair:5   | Reached skill level 17 in Stealth
 21686 | Lair:5   | Lost mutation: You are dopey. (Int -2) [potion of mutation]
 21686 | Lair:5   | Gained mutation: You have a somewhat thin skeletal
                  | structure. (Dex +2, Stealth+) [potion of mutation]
 21993 | Lair:6   | Entered Level 6 of the Lair of Beasts
 22800 | Lair:6   | Reached ****** piety under Dithmenos
 23432 | Lair:6   | Reached skill level 18 in Stealth
 23704 | Lair:6   | Reached XP level 15. HP: 78/78 MP: 34/34
 23955 | Lair:6   | Reached skill level 15 in Hexes
 24324 | Lair:6   | Found a one-way gate to the infinite horrors of the Abyss.
 24324 | Lair:6   | Found a corrupted altar of Lugonu.
 24716 | Orc:1    | Entered Level 1 of the Orcish Mines
 24915 | Orc:1    | Reached skill level 15 in Spellcasting
 25483 | Orc:2    | Entered Level 2 of the Orcish Mines
 25528 | Orc:2    | Noticed Saint Roka
 25530 | Orc:2    | Found Soxiob's General Store.
 27180 | Orc:2    | Killed Saint Roka
 27330 | Orc:2    | Found Ugoim's Antique Weapon Boutique.
 27352 | Orc:2    | Found Oghiets's Book Boutique.
 27400 | Orc:2    | Noticed Azrael
 27404 | Orc:2    | Killed Azrael
 27450 | Orc:2    | Found Obagop's Antique Armour Boutique.
 27841 | Orc:2    | Noticed Josephine
 28012 | Orc:2    | Killed Josephine
 28302 | Orc:2    | Found a staircase to the Elven Halls.
 28614 | D:15     | Entered Level 15 of the Dungeon
 28614 | D:15     | Noticed Rupert
 28615 | D:15     | Killed Rupert
 28701 | D:15     | Identified the ring "Tullyf" {Fly rF- Dex+3 Stlth+}
 28769 | D:15     | Found a staircase to the Depths.
 28915 | D:15     | Found a burning altar of Makhleb.
 29289 | D:15     | Reached skill level 19 in Stealth
 29753 | D:15     | Upgraded the game from 0.29-a0-296-gda187f2e07 to
                  | 0.29-a0-297-g7659ce593d
 30033 | Snake:1  | Entered Level 1 of the Snake Pit
 31497 | Snake:1  | Reached XP level 16. HP: 84/84 MP: 33/36
 32126 | Snake:2  | Found an opulent altar of Gozag.
 32275 | Snake:2  | Reached skill level 15 in Dodging
 33097 | Snake:2  | Found Madu's Weapon Boutique.
 33116 | Snake:2  | Found Hug Fay's Magic Scroll Shop.
 33118 | Snake:2  | Found Ymyipyh's Assorted Antiques.
 33127 | Snake:2  | Bought a scroll of acquirement for 1352 gold pieces
 33130 | Snake:2  | Acquired a +4 ring of slaying
 33524 | Snake:2  | Identified Roxanne's Catalogue of Transmutation
 33524 | Snake:2  | Noticed Roxanne
 33552 | Snake:2  | Killed Roxanne
 33866 | Snake:3  | Found a runed translucent door.
 33866 | Snake:3  | Found a shimmering altar of Xom.
 33866 | Snake:3  | Noticed Qojoc's ghost (adept GnHu)
 33867 | Snake:3  | Identified the +9 war axe "Jeunwu" {chaos, rCorr Int+2}
 33870 | Snake:3  | Identified the +8 chain mail of Summer {rN+ Dex-3 Stlth+}
 33911 | Snake:3  | Reached skill level 20 in Stealth
 33930 | Snake:3  | Reached skill level 10 in Fighting
 34040 | Snake:3  | Identified the amulet "Ywkeoff" {RegenMP Harm Regen+ Str-4
                  | Int+3}
 34829 | Snake:3  | Mangled by a nagaraja

Illustrated notes

Levels and vault maps discovered:
D:1:      scummos_arrival_checkerplants, layout_rooms,
          hellmonk_ecumenical_altar_arch_garden, minmay_quantized
D:2:      layout_basic
D:3:      layout_loops_ring, hangedman_abyss_or_decor_stabs,
          grunt_ministairs_13, minmay_checkerbox, uniq_sigmund, uniq_grinder,
          uniq_robin, uniq_natasha
D:4:      layout_loops_ring, minmay_temple_entry_overgrown,
          kennysheep_flooded_box, kennysheep_generic_room_16
D:5:      layout_rooms
D:6:      layout_loops_ring, gammafunk_temple_overflow_statue, serial_shops,
          nicolae_shop_advertising_works [nicolae_subvault_shop_adworks],
          serial_bayou, serial_bayou_shore_a, serial_bayou_shore_b,
          serial_bayou_shore_b, serial_bayou_ford_a, uniq_crazy_yiuf_cottage
D:7:      layout_loops_ring, minmay_misc_feat_alley
D:8:      layout_rooms, grunt_lair_entry_orc_guard_hut
D:9:      layout_basic, zin_angel, serial_shops, shop_fountains
D:10:     layout_small_grid, grunt_temple_overflow_bloody_war,
          mainiacjoe_overflow_large_starburst, mainiacjoe_overflow_tiny_flanked,
          kennysheep_generic_room_13, uniq_erica
D:11:     layout_basic
D:12:     layout_basic, hiddenorc2_lemuel
D:13:     layout_loops_corners, lightli_vaults_fourway_checkpoint,
          chequers_serial_rivers_micro_b, onia_ninara_dug_in_and_dangerous
D:14:     layout_stronghold, minmay_misc_feat_five, uniq_nessos
D:15:     grunt_enter_depths_magical_seal, layout_stronghold,
          serial_park_tiny_pond, bloody_makhleb, uniq_rupert
Temple:   zaba_magenta_temple
Lair:1:   minmay_lair_oklob_tunnel, layout_gridlike,
          maelrawn_ghost_gauntlet_escape, nzn_sisyphean_effort,
          grunt_megastairs_1, lemuel_fruit_fields
Lair:2:   layout_long_grid, minmay_shoals_entry_hut,
          minmay_snake_entry_guardpost_medium
Lair:3:   layout_gridlike, uniq_fannar, uniq_amaemon
Lair:4:   layout_misc_corridors, serial_rivers, chequers_serial_rivers_micro_e,
          chequers_serial_rivers_micro_a, chequers_serial_rivers_room_b,
          chequers_serial_rivers_room_b, chequers_serial_rivers_large_b,
          chequers_serial_rivers_micro_e, nicolae_quartered_pool_impasse,
          chequers_serial_rivers_small_a, beast_lair_carwin_9
Lair:5:   layout_loops_ring, slime_altar_1
Lair:6:   hellmonk_lair_end_abyssal_woods, layout_misc_corridors,
          minmay_lair_oklob_bushes, minmay_shattered_shrine, lemuel_fruit_fields
Snake:1:  layout_layer_cave, serial_bayou_pond_a
Snake:2:  layout_honeycomb, basic_altar, minmay_shop_star, uniq_roxanne
Snake:3:  layout_chambers, ebering_ghost_xom, grunt_ministairs_4,
          nicolae_snake_salamander_fort
Orc:1:    layout_caves
Orc:2:    grunt_orc_cross, layout_diamond_mine, uniq_josephine, uniq_azrael

Skill      XL: |  1  2  3  4  5  6  7  8  9 10 11 12 13 14 15 16 |
---------------+-------------------------------------------------+-----
Spellcasting   | 3 4 5 6 7 8 9 10 12 13 14 15 16 | 16.6
Hexes          | 4 5 6 7 9 10 11 12 13 14 15 16 | 16.7
Stealth        | 5 6 8 10 11 12 14 15 16 18 19 20 | 20.3
Dodging        | 5 7 9 10 12 13 14 15 | 15.8
Fighting       | 2 3 5 6 7 8 9 10 | 10.2
Short Blades   | 3 5 7 8 9 11 12 | 12.0

Action                   |  1- 3 |  4- 6 |  7- 9 | 10-12 | 13-15 | 16-18 || total
-------------------------+-------+-------+-------+-------+-------+-------++-------
Melee: Dagger            |   112 |   117 |   265 |   243 |       |       ||   737
       Punch             |       |     1 |     2 |     4 |    12 |     4 ||    23
       Quick blade       |       |       |       |    38 |  1258 |   328 ||  1624
 Cast: Ensorcelled Hiber |     9 |    28 |    66 |    93 |   151 |    43 ||   390
       Confusing Touch   |       |     2 |    14 |    11 |    19 |     9 ||    55
       Tukima's Dance    |       |       |    16 |    16 |    61 |    30 ||   123
       Dazzling Flash    |       |       |       |       |    10 |       ||    10
Invok: Shadow Step       |       |       |       |       |     4 |       ||     4
Evoke: Wand              |       |       |       |       |    17 |     7 ||    24
       Phial of floods   |       |       |       |       |     1 |     2 ||     3
  Use: Scroll            |     6 |     1 |    13 |    12 |     7 |     2 ||    41
       Potion            |       |       |     2 |     1 |    13 |    14 ||    30
 Stab: Sleeping          |    18 |    17 |    64 |    64 |   188 |    40 ||   391
       Confused          |       |     2 |     7 |    11 |    21 |     9 ||    50
       Distracted        |       |       |     2 |     5 |     8 |     3 ||    18
       Invisible         |       |       |       |       |    13 |       ||    13
Armor: Robe              |    12 |    16 |    30 |    27 |    36 |     7 ||   128
Dodge: Dodged            |    87 |    77 |   219 |   206 |   580 |   184 ||  1353
Block: Other             |       |       |       |    39 |   128 |    43 ||   210
       Reflection        |       |       |       |       |     5 |     5 ||    10

Table legend: (Time is in decaauts)
 A = Elapsed time spent in this place.
 B = Non-inter-level travel time spent in this place.
 C = Inter-level travel time spent in this place.
 D = Time resting spent in this place.
 E = Time spent auto-exploring this place.
 F = Levels seen in this place.
 G = Mean time per level.
                   A        B        C        D        E       F      G
               +--------+--------+--------+--------+--------+-----+--------+
         Total |  25926 |  24896 |   1030 |   5035 |  15043 |  27 |  960.2 |
       Dungeon |  13650 |  13106 |    544 |   2071 |   8551 |  15 |  910.0 |
        Temple |     44 |     33 |     11 |      0 |     30 |   1 |   44.0 |
          Lair |   5772 |   5511 |    261 |   1277 |   3159 |   6 |  962.0 |
     Snake Pit |   3536 |   3370 |    166 |    694 |   2007 |   3 | 1178.7 |
  Orcish Mines |   2922 |   2876 |     46 |    992 |   1295 |   2 | 1461.0 |
               +--------+--------+--------+--------+--------+-----+--------+

Top non-repeatable levels by time:
     D:6: 2240 daAuts
  Lair:6: 1842 daAuts
 Snake:1: 1837 daAuts
   Orc:2: 1649 daAuts
     D:3: 1601 daAuts
   Orc:1: 1273 daAuts
 Snake:2: 1030 daAuts
     D:2: 1023 daAuts
  Lair:4: 1004 daAuts
    D:13: 957 daAuts
    D:11: 939 daAuts
  Lair:1: 905 daAuts
     D:8: 851 daAuts
  Lair:2: 814 daAuts
    D:12: 791 daAuts
